 Dungeon Crawl Stone Soup version 0.30-a0-950-gbf40cfac39 (webtiles) character file.

Game seed: 16736043030489908444

18 M4edhros the Charlatan (level 2, 0/18 HPs)
             Began as an Octopode Artificer on Mar 28, 2023.
             Succumbed to an adder's poison
             ... on level 4 of the Dungeon.
             The game lasted 00:00:47 (359 turns).

M4edhros the Charlatan (Octopode Artificer)          Turns: 359, Time: 00:00:47

Health: 0/18       AC:  1    Str: 11    XL:     2   Next: 66%
Magic:  2/2        EV: 13    Int: 13    God:
Gold:   29         SH:  0    Dex: 12    Spells: 1/1 levels left

rFire   . . .      SeeInvis .      - Unarmed
rCold   . . .      Faith    .    (no shield)
rNeg    . . .      Spirit   .    (helmet restricted)
rPois   .          Reflect  .    (no amulet)
rElec   .          Rampage  .    (no ring)
rCorr   .                        (no ring)
Will    .....                    (no ring)
Stlth   +++                      (no ring)
HPRegen 0.23/turn                (no ring)
MPRegen 0.08/turn                (no ring)
                                 (no ring)
                                 (no ring)

@: lethally poisoned (0 -> -8)
A: almost no armour, amphibious, 8 rings, camouflage 1, gelatinous body 1,
(nimble swimmer 1), tentacles
a: no special abilities


You were on level 4 of the Dungeon.
You visited 1 branch of the dungeon, and saw 4 of its levels.

You collected 29 gold pieces.

Inventory:

Hand Weapons
 f - a +5 sling
Wands
 b - a wand of flame (11) (quivered)
 c - a wand of charming (13)
 d - a wand of iceblast (5)
Scrolls
 a - 2 scrolls of identify {unknown}
 e - a scroll of teleportation {unknown}


   Skills:
 + Level 1.4 Fighting
 * Level 0.5 Ranged Weapons
 + Level 2.6 Dodging
 - Level 1.3 Stealth
 * Level 1.3 Unarmed Combat
 - Level 3.2 Evocations


You had one spell level left.
You didn't know any spells.
Your spell library was empty.

Dungeon Overview and Level Annotations

Branches:
Dungeon (4/15)
 Temple: D:4-7

Altars:


Innate Abilities, Weirdness & Mutations

You cannot wear most types of armour.
You are amphibious.
You can wear up to eight rings at the same time.
Your skin changes colour to match your surroundings (Stealth+).
Your rubbery body absorbs attacks. (AC +1, EV +1)
((You are camouflaged when in or above water. (Stealth+)))
You have tentacles for arms and can constrict up to eight enemies at once.


Message History

No target in view!
a - 2 scrolls labelled LAUM XUIZO (gained 1)
There is a fountain of clear blue water here.
An adder comes into view.
You shoot a sling bullet. The sling bullet hits the adder.
The adder hisses angrily.
The adder is moderately wounded.
The adder bites you.
You are poisoned.
The adder poisons you!
You shoot a sling bullet.
The sling bullet closely misses the adder.
You feel sick. The adder bites you.
You are more poisoned.
The adder poisons you! The adder bites you.
You are lethally poisoned!
The adder poisons you!
You are now empty-tentacled.
You feel sick.
You aren't carrying any potions.
Aiming: Charm
Press: ? - help, Shift-Dir - straight line, f/p - adder
Aim: an adder (moderately wounded, chance to affect: 66%)
The adder struggles to resist.
You feel very sick. The adder bites you.
* * * LOW HITPOINT WARNING * * *
Aiming: Throw Flame
Press: ? - help, Shift-Dir - straight line, f/p - adder
Aim: an adder (moderately wounded, 53% to hit)
The puff of flame hits the adder.
The adder is almost dead.
* * * LOW HITPOINT WARNING * * *
You feel very sick. The adder barely misses you. The adder closely misses you.
Aiming: Throw Flame
Press: ? - help, Shift-Dir - straight line, f/p - adder
Aim: an adder (almost dead, 53% to hit)
The puff of flame hits the adder!
You kill the adder!
You die...

#..<............#..# #.#.##
+.............#..⌠.# #.#...
#........######.#..######.#..#
#........# #............<...#
#........# #..............#..
########## #..#####........##
#..# +.......... #..#
#.......### #@.# ......####
#....†..# ######## #.......#
#.......# +.......# #.......#
#.......# ####.#...


There were no monsters in sight!

Vanquished Creatures
  An adder (D:4)
  2 endoplasms (D:4)
  A goblin (D:4)
  A hobgoblin (D:4)
  3 bats
  A frilled lizard (D:3)
9 creatures vanquished.

Vanquished Creatures (collateral kills)
  An adder (D:4)
1 creature vanquished.

Vanquished Creatures (others)
  5 plants (D:3)
5 creatures vanquished.

Grand Total: 15 creatures vanquished

Notes
Turn   | Place    | Note
-------+----------+-------------------------------------------
     0 | D:1      | M4edhros the Octopode Artificer began the quest for the
                  | Orb.
     0 | D:1      | Reached XP level 1. HP: 13/13 MP: 1/1
   282 | D:4      | Reached skill level 1 in Unarmed Combat
   282 | D:4      | Reached XP level 2. HP: 18/18 MP: 2/2
   295 | D:4      | Noticed a scorpion
   359 | D:4      | Succumbed to an adder's poison

Illustrated notes

Levels and vault maps discovered:
D:1:      minmay_arrival_five_plusses, layout_loops_ring
D:2:      layout_basic, kennysheep_generic_room_6
D:3:      cheibrodos_greedy_goblins, layout_loops_ring,
          ebering_ecumenical_altar_sacrificial, serial_shops, shop,
          serial_bayou_lagoon_a, uniq_sigmund
D:4:      layout_basic, lemuel_doored_altar, serial_shops, nicolae_shop_trees,
          hangedman_feature_mirror

Skill      XL: |  1 |
---------------+----+-----
Unarmed Combat | 1 |  1.3
Fighting       | |  1.4
Ranged Weapons | |  0.5
Dodging        | |  2.6
Stealth        | |  1.3
Evocations     | |  3.2

Action                     || total
---------------------------++-------
  Melee: Unarmed           ||    16
         Tentacles         ||     5
         Constrict         ||     3
         Punch             ||     1
   Fire: Sling             ||     5
  Evoke: Wand              ||     6
   Stab: Sleeping          ||     1
 Armour: Skin              ||     6
  Dodge: Dodged            ||    16

Table legend: (Time is in decaauts)
 A = Elapsed time spent in this place.
 B = Non-inter-level travel time spent in this place.
 C = Inter-level travel time spent in this place.
 D = Time resting spent in this place.
 E = Time spent auto-exploring this place.
 F = Levels seen in this place.
 G = Mean time per level.
                   A        B        C        D        E       F      G
               +--------+--------+--------+--------+--------+-----+--------+
         Total |    358 |    327 |     31 |      0 |    231 |   4 |   89.5 |
       Dungeon |    358 |    327 |     31 |      0 |    231 |   4 |   89.5 |
               +--------+--------+--------+--------+--------+-----+--------+

Top non-repeatable levels by time:
     D:4: 180 daAuts
     D:1: 94 daAuts
     D:3: 56 daAuts
     D:2: 27 daAuts
